 Dungeon Crawl Stone Soup version 0.27.1 (webtiles) character file.

Game seed: 4901121829507422425

79 ZARRMARR the Skirmisher (level 4, -1/37 HPs)
             Began as a Palentonga Fighter on Aug 28, 2021.
             Slain by Sigmund (9 damage)
             ... on level 3 of the Dungeon.
             The game lasted 00:06:40 (2218 turns).

ZARRMARR the Skirmisher (Palentonga Fighter)        Turns: 2218, Time: 00:06:42

Health: -1/37      AC:  6    Str: 20    XL:     4   Next: 16%
Magic:  4/4        EV:  5    Int:  8    God:
Gold:   80         SH:  0    Dex: 10    Spells: 3/3 levels left

rFire    + . .     SeeInvis +   a - +0 war axe
rCold    . . .     Faith    .   c - +0 kite shield
rNeg     . . .     Spirit   .   b - +0 scale mail
rPois    .         Reflect  .   (no helmet)
rElec    .         Harm     .   (no cloak)
rCorr    .         Rampage  .   (no gloves)
Will     .....                  (no barding)
Stlth    ..........             (no amulet)
HPRegen  0.12/turn              i - ring of protection from fire
MPRegen  0.09/turn              (no ring)

@: confused, mighty
A: large, rugged brown scales 3, see invisible, deformed body, roll 1, armoured
tail
a: Rolling Charge


You were on level 3 of the Dungeon.
You visited 1 branch of the dungeon, and saw 3 of its levels.

You collected 80 gold pieces.

Inventory:

Hand Weapons
 a - a +0 war axe (weapon)
Missiles
 f - 6 boomerangs of dispersal
 l - 6 poisoned darts
 m - 2 boomerangs
Armour
 b - a +0 scale mail (worn)
 c - a +0 kite shield (worn)
Jewellery
 e - a ring of ice
 i - a ring of protection from fire (left hand)
Scrolls
 h - a scroll of summoning {unknown}
 j - a scroll of blinking {unknown}
 k - a scroll of noise {unknown}
Potions
 g - a potion of lignification {unknown}
 n - a potion of curing {unknown}
 o - a potion of attraction {unknown}


   Skills:
 + Level 3.5 Fighting
 + Level 3.1 Axes
 - Level 2.4 Armour
 + Level 3.2 Shields


You had 3 spell levels left.
You didn't know any spells.
Your spell library contained the following spells:

 Spells                   Type           Power      Damage    Failure   Level
 Gell's Gravitas          Tloc           0%         N/A       100%        3
 Teleport Other           Tloc           0%         N/A       100%        3
 Dispersal                Tloc           0%         N/A       100%        6


Dungeon Overview and Level Annotations

Branches:
Dungeon (3/15)

Altars:

Shops:
D:1 (

Annotations:
D:3 2 transporters, Sigmund


Innate Abilities, Weirdness & Mutations

You are completely covered in rugged brown scales. (AC +3, +7% HP)
You have supernaturally acute eyesight. (SInv)
Armour fits poorly on your strangely shaped body.
You can roll at nearby foes to attack.
You have a long armoured tail.


Message History

Sigmund hits you from afar with a +3 scythe!
Sigmund hits you with a +3 scythe.
You closely miss Sigmund.
A frilled lizard comes into view.
Sigmund mumbles some strange words.
Sigmund flickers and vanishes for a moment.
You hit Sigmund.
Sigmund is lightly wounded.
An endoplasm comes into view.
Sigmund hits you with a +3 scythe. You block the frilled lizard's attack.
You completely miss Sigmund.
Sigmund is lightly wounded.
You closely miss the frilled lizard.
The endoplasm quivers.
Sigmund casts a spell at you.
You are confused.
The frilled lizard barely misses you. Sigmund hits you but does no damage.
You see here a frilled lizard corpse.
The frilled lizard barely misses you. Sigmund gestures at you while chanting.
You are more confused.
You closely miss Sigmund.
Sigmund is lightly wounded.
You barely miss the frilled lizard.
The frilled lizard completely misses you.
Sigmund hits you but does no damage.
The frilled lizard bites you but does no damage.
You closely miss Sigmund. You tail-slap Sigmund!
Sigmund is heavily wounded.
You barely miss the frilled lizard. Sigmund hits you with a +3 scythe!
* * * LOW HITPOINT WARNING * * *
The frilled lizard bites you but does no damage.
Unknown command.
You slash Sigmund!
Sigmund is almost dead.
You slash the frilled lizard!
You kill the frilled lizard!
You closely miss the endoplasm. The endoplasm closely misses you.
Sigmund hits you with a +3 scythe!
You die...

..#.#.# ##.##...###. >.#.#.#
######.......... ..#.#.#
..........!.....[ .##.#.#
.....####.#...... .# .# ....
#..# ..... .##.# ......## #†##
.... ....###........##.# ##..##
.......... #.J#†#.....#
.......... #@@†..#
.............###....#
..........(.............
..................##.....
................... ..........
..#######........##. .........
# #.####....##<....# # ........
.# #......#####.....## ###..#
..#
##..##....##......#######.###..


You could see Sigmund (invisible) and an endoplasm.

Vanquished Creatures
  A gnoll (D:1)
  2 adders (D:2)
  2 worms
  2 ball pythons (D:1)
  5 endoplasms
  2 giant cockroaches
  6 goblins
  5 hobgoblins
  4 jackals (D:2)
  2 quokkas
  5 bats
  3 frilled lizards
  2 kobolds
41 creatures vanquished.

Notes
Turn   | Place    | Note
-------+----------+-------------------------------------------
     0 | D:1      | ZARRMARR the Palentonga Fighter began the quest for the
                  | Orb.
     0 | D:1      | Reached XP level 1. HP: 19/19 MP: 1/1
   259 | D:1      | Reached XP level 2. HP: 25/25 MP: 2/2
   435 | D:1      | Found Rerghana's Antique Weapon Boutique.
  1162 | D:2      | Reached XP level 3. HP: 26/31 MP: 3/3
  1599 | D:2      | Reached XP level 4. HP: 37/37 MP: 4/4
  2179 | D:3      | Found a transporter.
  2191 | D:3      | Found a transporter.
  2207 | D:3      | Noticed Sigmund
  2218 | D:3      | Slain by Sigmund

Illustrated notes

Levels and vault maps discovered:
D:1:      dpeg_arrival_fog, layout_basic, serial_shops, nicolae_square_shop
D:2:      layout_loops_ring
D:3:      gammafunk_steamed_eel, layout_rooms,
          mainiacjoe_overflow_large_starburst, gammafunk_ghost_split,
          corexii_shack, uniq_crazy_yiuf_cottage, uniq_ijyb, uniq_sigmund

Skill      XL: |  1  2  3 |
---------------+----------+-----
Shields        | 3 |  3.2
Axes           | 3 |  3.1
Fighting       | |  3.5
Armour         | |  2.4

Action                   |  1- 3 |  4- 6 || total
-------------------------+-------+-------++-------
Melee: War axe           |   106 |    18 ||   124
       Tailslap          |    11 |     1 ||    12
 Abil: Rolling Charge    |    16 |     5 ||    21
  Use: Scroll            |     4 |       ||     4
       Potion            |       |     1 ||     1
Armor: Scale mail        |    66 |     5 ||    71
Dodge: Dodged            |    33 |     5 ||    38
Block: Kite shield       |    63 |     4 ||    67
